[ AOE2 MATCH · #498766745 ]
UnrankedMagyars vs Incas
Player's team · WIN
Rival team · LOSS
[ REPLAY ANALYSIS · EXTRACTED FROM THE RECORDED GAME ]
Feudal
11:51
Castle
15:29
Imperial
29:04
| APM avg | 64.2 |
| APM peak | 121 |
| eAPM avg | 36.0 |
| Villagers / military | 142 / 546 |
Focus
⚔️ 43.8% · 🌾 56.2%
Scout Cavalry ×284 · Cavalry Archer ×154 · Magyar Huszar ×49 · Skirmisher ×28 · Trebuchet (Packed) ×25 · Monk ×4
Feudal
11:21
Castle
14:51
Imperial
29:11
| APM avg | 70.3 |
| APM peak | 155 |
| eAPM avg | 54.0 |
| Villagers / military | 344 / 623 |
Focus
⚔️ 51.3% · 🌾 48.7%
Spearman ×355 · Unknown (2550) ×335 · Skirmisher ×223 · Archer ×23 · Trebuchet (Packed) ×11 · Battering Ram ×5
Match map
Initial resources + every placement click. Lines = walls · curves = elevation contours. ◆ gold · ⬟ stone · ● berries · ✦ relic · ◌ wall gap
Your base· ✓ Closed at 15:29 · 9t walls · 4 gate(s)
ilPlantigrado's base· ✓ Closed at 14:51 · 0t walls · 2 gate(s)
Smoothed initial terrain · ◌ = detected wall gap · hover for details
Inputs per minute
— zagaluke - - ilPlantigrado
Build order — zagaluke
First 150 of 984 actions detected
| 0:00 | Queue | Villager (Male) |
| 0:00 | Queue | Villager (Male) |
| 0:02 | Build | House |
| 0:03 | Build | House |
| 0:06 | Queue | Villager (Male) |
| 0:07 | Queue | Villager (Male) |
| 1:31 | Queue | Villager (Male) |
| 1:45 | Build | Lumber Camp |
| 1:55 | Queue | Villager (Male) |
| 2:15 | Queue | Villager (Male) |
| 2:45 | Queue | Villager (Male) |
| 3:02 | Queue | Villager (Male) |
| 3:34 | Queue | Villager (Male) |
| 3:50 | Build | House |
| 3:54 | Queue | Villager (Male) |
| 4:02 | Build | Palisade Gate |
| 4:16 | Queue | Villager (Male) |
| 4:40 | Build | Palisade Wall |
| 4:40 | Build | Palisade Wall |
| 4:42 | Build | Palisade Wall |
| 4:42 | Build | Palisade Wall |
| 4:58 | Build | Palisade Wall |
| 5:00 | Build | Palisade Wall |
| 5:05 | Queue | Villager (Male) |
| 5:11 | Build | House |
| 5:14 | Build | Palisade Wall |
| 5:15 | Build | Palisade Wall |
| 5:21 | Build | Palisade Wall |
| 5:31 | Queue | Villager (Male) |
| 5:34 | Build | Mill |
| 5:36 | Queue | Villager (Male) |
| 5:57 | Queue | Villager (Male) |
| 6:28 | Queue | Villager (Male) |
| 6:39 | Queue | Villager (Male) |
| 6:58 | Queue | Villager (Male) |
| 7:00 | Build | House |
| 7:12 | Queue | Villager (Male) |
| 7:42 | Build | Farm |
| 7:57 | Queue | Villager (Male) |
| 8:04 | Build | Farm |
| 8:16 | Queue | Villager (Male) |
| 9:04 | Build | Farm |
| 9:12 | Queue | Villager (Male) |
| 9:13 | Research | Feudal Age |
| 9:29 | Build | Mining Camp |
| 9:52 | Queue | Villager (Male) |
| 9:53 | Queue | Villager (Male) |
| 10:22 | Build | Barracks |
| 11:51 | Age | Feudal Age |
| 11:53 | Build | Stable |
| 11:55 | Build | Market |
| 12:49 | Research | Castle Age |
| 12:49 | Research | Castle Age |
| 12:56 | Build | Farm |
| 12:56 | Build | Farm |
| 12:57 | Build | Farm |
| 12:58 | Research | Horse Collar |
| 12:58 | Research | Horse Collar |
| 13:03 | Build | House |
| 13:11 | Build | Farm |
| 13:15 | Research | Double-Bit Axe |
| 13:25 | Build | House |
| 13:33 | Build | Farm |
| 13:51 | Queue | Scout Cavalry |
| 14:08 | Queue | Villager (Male) |
| 14:12 | Build | Farm |
| 14:21 | Queue | Scout Cavalry |
| 14:48 | Queue | Scout Cavalry |
| 15:29 | Age | Castle Age |
| 15:31 | Build | Monastery |
| 15:37 | Research | Light Cavalry (upgrade) |
| 15:37 | Research | Light Cavalry (upgrade) |
| 15:48 | Build | Town Center |
| 15:51 | Queue | Villager (Male) |
| 15:58 | Queue | Monk |
| 16:03 | Build | Farm |
| 16:08 | Queue | Villager (Male) |
| 16:29 | Queue | Villager (Male) |
| 16:35 | Queue | Scout Cavalry |
| 16:43 | Queue | Villager (Male) |
| 16:48 | Build | House |
| 16:49 | Build | House |
| 16:57 | Queue | Villager (Male) |
| 17:02 | Build | Farm |
| 17:03 | Build | Farm |
| 17:04 | Queue | Villager (Male) |
| 17:05 | Queue | Villager (Male) |
| 17:05 | Queue | Villager (Male) |
| 17:27 | Build | Farm |
| 17:37 | Queue | Scout Cavalry |
| 17:53 | Queue | Villager (Male) |
| 18:01 | Queue | Monk |
| 18:10 | Build | Farm |
| 18:25 | Queue | Villager (Male) |
| 18:25 | Queue | Villager (Male) |
| 18:25 | Queue | Villager (Male) |
| 18:37 | Queue | Monk |
| 19:09 | Queue | Villager (Male) |
| 19:10 | Queue | Villager (Male) |
| 19:10 | Queue | Villager (Male) |
| 19:15 | Build | Town Center |
| 19:18 | Build | Farm |
| 19:21 | Queue | Villager (Male) |
| 19:23 | Queue | Monk |
| 19:31 | Queue | Villager (Male) |
| 19:34 | Build | House |
| 19:35 | Build | House |
| 19:56 | Queue | Villager (Male) |
| 19:56 | Queue | Villager (Male) |
| 20:14 | Queue | Villager (Male) |
| 20:18 | Research | Bow Saw |
| 20:32 | Queue | Villager (Male) |
| 20:35 | Build | House |
| 20:38 | Queue | Villager (Male) |
| 20:38 | Queue | Villager (Male) |
| 20:51 | Queue | Villager (Male) |
| 20:54 | Build | Farm |
| 20:54 | Build | Farm |
| 20:54 | Build | Farm |
| 20:55 | Build | Farm |
| 21:05 | Queue | Villager (Male) |
| 21:06 | Queue | Villager (Male) |
| 21:08 | Build | House |
| 21:09 | Build | House |
| 21:19 | Build | Mill |
| 21:20 | Build | Farm |
| 21:24 | Queue | Villager (Male) |
| 21:28 | Build | Farm |
| 21:28 | Build | Farm |
| 21:28 | Build | Farm |
| 21:38 | Queue | Villager (Male) |
| 21:39 | Queue | Villager (Male) |
| 21:47 | Queue | Villager (Male) |
| 21:47 | Queue | Villager (Male) |
| 21:58 | Queue | Villager (Male) |
| 22:00 | Build | Farm |
| 22:01 | Build | Farm |
| 22:07 | Queue | Villager (Male) |
| 22:16 | Queue | Villager (Male) |
| 22:23 | Build | Farm |
| 22:23 | Build | Farm |
| 22:23 | Build | Farm |
| 22:23 | Build | Farm |
| 22:33 | Queue | Villager (Male) |
| 22:33 | Queue | Villager (Male) |
| 22:34 | Queue | Villager (Male) |
| 22:47 | Build | Farm |
| 22:47 | Build | Farm |
| 22:48 | Build | Farm |
| 22:48 | Build | Farm |
Build order — ilPlantigrado
First 150 of 1620 actions detected
| 0:00 | Queue | Villager (Male) |
| 0:01 | Queue | Villager (Male) |
| 0:01 | Queue | Villager (Male) |
| 0:01 | Queue | Villager (Male) |
| 0:01 | Queue | Villager (Male) |
| 0:03 | Build | House |
| 0:04 | Build | House |
| 1:22 | Queue | Villager (Male) |
| 1:22 | Queue | Villager (Male) |
| 1:22 | Queue | Villager (Male) |
| 1:58 | Build | Settlement |
| 2:03 | Queue | Villager (Male) |
| 2:04 | Queue | Villager (Male) |
| 2:04 | Queue | Villager (Male) |
| 2:24 | Queue | Villager (Male) |
| 2:24 | Queue | Villager (Male) |
| 2:24 | Queue | Villager (Male) |
| 2:44 | Queue | Villager (Male) |
| 2:45 | Queue | Villager (Male) |
| 2:45 | Queue | Villager (Male) |
| 3:09 | Queue | Villager (Male) |
| 3:09 | Queue | Villager (Male) |
| 3:09 | Queue | Villager (Male) |
| 3:33 | Queue | Villager (Male) |
| 3:33 | Queue | Villager (Male) |
| 3:33 | Queue | Villager (Male) |
| 3:52 | Queue | Villager (Male) |
| 3:52 | Queue | Villager (Male) |
| 4:25 | Build | Settlement |
| 4:29 | Queue | Villager (Male) |
| 4:29 | Queue | Villager (Male) |
| 4:30 | Queue | Villager (Male) |
| 4:53 | Queue | Villager (Male) |
| 4:53 | Queue | Villager (Male) |
| 4:53 | Queue | Villager (Male) |
| 5:38 | Queue | Villager (Male) |
| 5:58 | Queue | Villager (Male) |
| 6:05 | Queue | Villager (Male) |
| 6:20 | Build | Settlement |
| 6:24 | Queue | Villager (Male) |
| 7:10 | Queue | Villager (Male) |
| 7:34 | Queue | Villager (Male) |
| 7:43 | Build | Farm |
| 7:45 | Build | Farm |
| 7:47 | Build | Farm |
| 8:04 | Queue | Villager (Male) |
| 8:18 | Queue | Villager (Male) |
| 9:00 | Build | Settlement |
| 9:01 | Research | Feudal Age |
| 9:01 | Research | Feudal Age |
| 10:07 | Queue | Villager (Male) |
| 10:07 | Queue | Villager (Male) |
| 11:21 | Age | Feudal Age |
| 11:25 | Build | Market |
| 11:28 | Build | Blacksmith |
| 12:11 | Research | Castle Age |
| 12:12 | Research | Castle Age |
| 12:12 | Research | Castle Age |
| 12:26 | Research | Double-Bit Axe |
| 12:27 | Research | Double-Bit Axe |
| 12:57 | Build | Farm |
| 12:58 | Build | Farm |
| 13:01 | Build | Farm |
| 13:11 | Build | Barracks |
| 13:47 | Research | Horse Collar |
| 13:47 | Research | Horse Collar |
| 14:04 | Queue | Spearman |
| 14:04 | Queue | Spearman |
| 14:46 | Queue | Villager (Male) |
| 14:46 | Queue | Villager (Male) |
| 14:51 | Age | Castle Age |
| 14:53 | Build | Monastery |
| 14:56 | Queue | Villager (Male) |
| 15:00 | Build | Town Center |
| 15:05 | Research | Bow Saw |
| 15:05 | Research | Bow Saw |
| 15:07 | Queue | Villager (Male) |
| 15:19 | Queue | Villager (Male) |
| 15:30 | Queue | Monk |
| 15:34 | Build | Town Center |
| 15:36 | Queue | Villager (Male) |
| 15:42 | Queue | Spearman |
| 16:12 | Build | Farm |
| 16:15 | Build | Farm |
| 16:16 | Queue | Villager (Male) |
| 16:34 | Queue | Spearman |
| 16:45 | Queue | Villager (Male) |
| 16:45 | Build | Farm |
| 16:48 | Build | Farm |
| 16:50 | Build | Farm |
| 16:55 | Queue | Spearman |
| 17:03 | Build | Farm |
| 17:03 | Build | Farm |
| 17:10 | Queue | Villager (Male) |
| 17:13 | Queue | Monk |
| 17:24 | Build | Farm |
| 17:25 | Queue | Villager (Male) |
| 17:25 | Queue | Villager (Male) |
| 17:25 | Queue | Villager (Male) |
| 17:28 | Build | Farm |
| 17:28 | Build | Farm |
| 17:28 | Build | Farm |
| 17:28 | Build | Farm |
| 17:29 | Build | Farm |
| 17:51 | Queue | Villager (Male) |
| 17:58 | Build | Farm |
| 17:59 | Build | Farm |
| 18:01 | Build | Farm |
| 18:02 | Queue | Villager (Male) |
| 18:02 | Queue | Villager (Male) |
| 18:02 | Queue | Villager (Male) |
| 18:08 | Queue | Spearman |
| 18:10 | Build | Farm |
| 18:37 | Queue | Villager (Male) |
| 18:37 | Queue | Villager (Male) |
| 18:37 | Queue | Villager (Male) |
| 18:37 | Queue | Villager (Male) |
| 19:03 | Queue | Villager (Male) |
| 19:04 | Queue | Villager (Male) |
| 19:04 | Queue | Villager (Male) |
| 19:04 | Queue | Villager (Male) |
| 19:05 | Queue | Villager (Male) |
| 19:11 | Build | Farm |
| 19:12 | Build | Farm |
| 19:12 | Build | Farm |
| 19:12 | Build | Farm |
| 19:12 | Build | Farm |
| 19:12 | Build | Farm |
| 19:13 | Build | Farm |
| 19:19 | Queue | Villager (Male) |
| 19:22 | Build | Farm |
| 19:26 | Queue | Villager (Male) |
| 19:28 | Build | Farm |
| 19:29 | Queue | Villager (Male) |
| 19:31 | Build | Farm |
| 19:33 | Build | Farm |
| 19:41 | Build | Farm |
| 19:41 | Queue | Villager (Male) |
| 19:46 | Build | Farm |
| 19:56 | Queue | Villager (Male) |
| 19:56 | Queue | Villager (Male) |
| 19:56 | Queue | Villager (Male) |
| 19:56 | Queue | Villager (Male) |
| 20:03 | Queue | Villager (Male) |
| 20:17 | Build | Farm |
| 20:19 | Queue | Villager (Male) |
| 20:22 | Research | Wheelbarrow |
| 20:23 | Research | Wheelbarrow |
| 20:23 | Research | Wheelbarrow |
| 20:30 | Queue | Villager (Male) |
Match timeline
| 4:40 | zagaluke · wall_segment Palisade Wall x1 |
| 4:40 | zagaluke · wall_segment Palisade Wall x1 |
| 4:42 | zagaluke · wall_segment Palisade Wall x1 |
| 4:42 | zagaluke · wall_segment Palisade Wall x1 |
| 4:58 | zagaluke · wall_segment Palisade Wall x1 |
| 5:00 | zagaluke · wall_segment Palisade Wall x1 |
| 5:14 | zagaluke · wall_segment Palisade Wall x1 |
| 5:15 | zagaluke · wall_segment Palisade Wall x1 |
| 5:21 | zagaluke · wall_segment Palisade Wall x1 |
| 10:22 | zagaluke · first_building Barracks |
| 11:21 | ilPlantigrado · age_up feudal |
| 11:51 | zagaluke · age_up feudal |
| 11:53 | zagaluke · first_building Stable |
| 13:11 | ilPlantigrado · first_building Barracks |
| 14:51 | ilPlantigrado · age_up castle |
| 14:53 | ilPlantigrado · first_building Monastery |
| 15:29 | zagaluke · age_up castle |
| 15:31 | zagaluke · first_building Monastery |
| 20:17 | zagaluke · first_market_buy 100 food |
| 20:49 | ilPlantigrado · first_building Archery Range |
| 23:42 | ilPlantigrado · first_market_sell 100 food |
| 24:09 | zagaluke · first_building Castle |
| 25:11 | zagaluke · first_building Archery Range |
| 27:20 | ilPlantigrado · first_building Castle |
| 29:04 | zagaluke · age_up imperial |
| 29:05 | zagaluke · first_market_sell 500 stone |
| 29:11 | ilPlantigrado · age_up imperial |
| 30:19 | ilPlantigrado · first_building Siege Workshop |
| 56:19 | ilPlantigrado · wall_segment Stone Wall x6 |
| 61:24 | ilPlantigrado · resign |
[ AI ANALYSIS · 1 CREDIT ]
What really happened in this match?
Wolo.gg analyzes every decision: build order, eco, micro, common mistakes by bracket. Personalized analysis on WhatsApp or Discord in 30 seconds.
Civ guide
Magyars
Perfil
zagaluke